 Dungeon Crawl Stone Soup version 0.27-a0-1529-g1e82c303ef (webtiles) character file.

Game seed: 7451630444832657725

135 Hasart the Chopper (level 4, -11/40 HPs)
             Began as a Demigod Fighter on July 12, 2021.
             Blown up by Ijyb (23 damage)
             ... with a mindburst bolt
             ... on level 4 of the Dungeon.
             The game lasted 00:05:24 (2992 turns).

Hasart the Chopper (Demigod Fighter)                Turns: 2992, Time: 00:05:25

Health: -11/40     AC:  6    Str: 21    XL:     4   Next: 65%
Magic:  6/6        EV:  7    Int: 10    God:
Gold:   940        SH:  9    Dex: 13    Spells: 3/3 levels left

rFire    . . .     SeeInvis .   a - +1 war axe
rCold    . . .     Faith    .   c - +0 kite shield
rNeg     . . .     Spirit   .   b - +0 scale mail
rPois    +         Reflect  .   (no helmet)
rElec    .         Harm     .   (no cloak)
rCorr    .         Rampage  .   (no gloves)
Will     .....                  (no boots)
Stlth    ..........             (no amulet)
HPRegen  0.13/turn              h - ring of poison resistance
MPRegen  0.10/turn              (no ring)

@: no status effects
A: high mp 1, forlorn
a: no special abilities


You were on level 4 of the Dungeon.
You visited 1 branch of the dungeon, and saw 4 of its levels.

You collected 940 gold pieces.

Inventory:

Hand Weapons
 a - a +1 war axe (weapon)
 o - a +7 dagger of holy wrath
Armour
 b - a +0 scale mail (worn)
 c - a +0 kite shield (worn)
Jewellery
 h - a ring of poison resistance (left hand)
 m - a ring of protection from cold
Scrolls
 f - 2 scrolls of enchant weapon
 g - a scroll of teleportation
 i - 2 scrolls of immolation
Potions
 d - 2 potions of might
 e - a potion of degeneration {unknown}
 j - a potion of flight {unknown}
 k - 2 potions of curing
 l - a potion of brilliance {unknown}


   Skills:
 + Level 3.6 Fighting
 * Level 4.0 Axes
 - Level 2.6 Armour
 - Level 2.6 Shields


You had 3 spell levels left.
You didn't know any spells.
Your spell library contained the following spells:

 Spells                   Type           Power      Damage    Failure   Level
 Stone Arrow              Conj/Erth      0%         3d7       100%        3
 Animate Armour           Summ/Erth      0%         N/A       100%        4
 Lehudib's Crystal Spear  Conj/Erth      0%         10d2      100%        8


Dungeon Overview and Level Annotations

Branches:
Dungeon (4/15)
 Temple: D:4-7

Annotations:
D:3 2 transporters, PeterLawrence's ghost, amateur MiFi
D:4 Ijyb


Innate Abilities, Weirdness & Mutations

Your attributes grow dramatically as you level up.
You have an increased reservoir of magic. (+10% MP)
You shall have no god before yourself.


Message History

The giant cockroach waves its antennae.
The giant cockroach bites you but does no damage.
You slash the dart slug!
You kill the dart slug!
You hit the giant cockroach but do no damage.
You block the giant cockroach's attack.
You slash the giant cockroach!
You kill the giant cockroach!
A kobold comes into view. It is wielding a +0 dagger.
Ijyb barely misses you.
The kobold throws a stone.
The stone barely misses you.
You see here a giant cockroach corpse.
You hit Ijyb.
Ijyb is lightly wounded.
Ijyb hits you with a +3 spectral club.
You slash Ijyb!
Ijyb is heavily wounded.
Ijyb hits you with a +3 spectral club.
Ijyb drinks a potion.
Ijyb is healed!
You closely miss Ijyb.
Ijyb is moderately wounded.
You block Ijyb's attack.
You slash Ijyb!
Ijyb is almost dead.
Ijyb hits you with a +3 spectral club. x2
You hit Ijyb.
Ijyb is almost dead.
Ijyb zaps a wand.
Your mind is blasted!
Ouch! That really hurt!
* * * LOW HITPOINT WARNING * * *
You block the kobold's attack.
Your shield and scale mail prevent you from hitting Ijyb.
Ijyb is almost dead.
You closely miss the kobold. You block Ijyb's attack.
You block the kobold's attack. You block Ijyb's attack.
You hit Ijyb but do no damage.
Ijyb is almost dead.
You slash the kobold!
You kill the kobold!
Ijyb zaps a wand.
You barely resist.
Ijyb zaps a wand.
Your mind is blasted!
Ouch! That really hurt!
You die...

# .. ############
... .......... . ..
...... . #
...#.#####... .#.#
.#....)†.#.####...#.
......g@.....#......
##.......#.#...# .#
##..!...#.#.####.#(
.....#####..........
##... ###......#.
##. #[.....# #
####.#.##.# ##
#.....(.#.#
#.........#


You could see Ijyb.

Vanquished Creatures
  Jessica (D:3)
  6 adders
  2 dart slugs
  6 bats
  2 endoplasms
  2 giant cockroaches
  4 goblins
  4 hobgoblins (D:2)
  4 quokkas
  6 ball pythons
  A frilled lizard (D:2)
  5 kobolds
  6 rats
49 creatures vanquished.

Vanquished Creatures (others)
  13 plants (D:2)
13 creatures vanquished.

Grand Total: 62 creatures vanquished

Notes
Turn   | Place    | Note
-------+----------+-------------------------------------------
     0 | D:1      | Hasart the Demigod Fighter began the quest for the Orb.
     0 | D:1      | Reached XP level 1. HP: 18/18 MP: 3/3
   211 | D:1      | Reached skill level 2 in Axes
   344 | D:1      | Reached XP level 2. HP: 25/25 MP: 4/4
  1023 | D:2      | Reached skill level 3 in Axes
  1023 | D:2      | Reached XP level 3. HP: 14/31 MP: 5/5
  2012 | D:3      | Found a transporter.
  2263 | D:3      | Noticed Jessica
  2268 | D:3      | Killed Jessica
  2269 | D:3      | Reached XP level 4. HP: 38/38 MP: 6/6
  2441 | D:3      | Found a transporter.
  2443 | D:3      | Noticed PeterLawrence's ghost (amateur MiFi)
  2705 | D:3      | Identified a scroll of acquirement
  2705 | D:3      | Acquired 801 gold pieces
  2911 | D:4      | Reached skill level 4 in Axes
  2982 | D:4      | Noticed Ijyb
  2992 | D:4      | Blown up by Ijyb

Illustrated notes

Levels and vault maps discovered:
D:1:      dpeg_arrival_castle, layout_loops_ring,
          ebering_ecumenical_altar_sacrificial
D:2:      layout_loops_cross, serial_forest, infiniplex_forest_lined_room_,
          infiniplex_forest_corner_1, infiniplex_forest_straight_4,
          infiniplex_forest_clump_double, infiniplex_forest_lined_ring,
          infiniplex_forest_straight_4, infiniplex_forest_clump_medium,
          infiniplex_forest_lined_room_
D:3:      layout_loops_ring, gammafunk_ghost_mausoleum, uniq_jessica
D:4:      cheibrodos_quashed, layout_basic, dk_xom_monty_hall,
          overflow_temple_1_default, minmay_temple_entry_statues_pillars,
          uniq_ijyb, uniq_blork_the_orc

Skill      XL: |  1  2  3  4 |
---------------+-------------+-----
Axes           | 2 3 4 |  4.0
Fighting       | 3 |  3.6
Armour         | |  2.6
Shields        | |  2.6

Action                   |  1- 3 |  4- 6 || total
-------------------------+-------+-------++-------
Melee: War axe           |   145 |    34 ||   179
       Dagger            |     2 |       ||     2
  Use: Scroll            |       |     6 ||     6
Armor: Scale mail        |    66 |    14 ||    80
Dodge: Dodged            |    61 |    11 ||    72
Block: Kite shield       |    79 |    21 ||   100

Table legend: (Time is in decaauts)
 A = Elapsed time spent in this place.
 B = Non-inter-level travel time spent in this place.
 C = Inter-level travel time spent in this place.
 D = Time resting spent in this place.
 E = Time spent auto-exploring this place.
 F = Levels seen in this place.
 G = Mean time per level.
                   A        B        C        D        E       F      G
               +--------+--------+--------+--------+--------+-----+--------+
         Total |   3101 |   2959 |    142 |      0 |   2499 |   4 |  775.2 |
       Dungeon |   3101 |   2959 |    142 |      0 |   2499 |   4 |  775.2 |
               +--------+--------+--------+--------+--------+-----+--------+

Top non-repeatable levels by time:
     D:2: 1359 daAuts
     D:3: 799 daAuts
     D:1: 666 daAuts
     D:4: 276 daAuts
